 Dungeon Crawl Stone Soup version 0.31-a0-145-g046c7d2549 (webtiles) character file.

Game seed: 12579046205310057803

2394835 jlumianski the Demonic Catastrophe (level 27, 221/221 HPs)
             Began as a Demonspawn Fighter on June 4, 2023.
             Was an Elder of Qazlal.
             Escaped with the Orb
             ... and 4 runes!
             The game lasted 07:53:12 (67718 turns).

jlumianski the Demonic Catastrophe (DsFi)          Turns: 67718, Time: 07:53:12

Health: 221/221    AC: 40    Str: 21    XL:     27
Magic:  39/39      EV: 21    Int:  9    God:    Qazlal [****..]
Gold:   4547       SH: 37    Dex: 27    Spells: 28/28 levels left

rFire   . . .        K - +7 rapier "Qeokhlerch" {flame, rPois}
rCold   . . .        A - +1 tower shield {reflect}
rNeg    . . .        Q - +13 chain mail of Demons {rElec Str-2 SInv}
rPois   +            (helmet restricted)
rElec   +            v - +2 cloak {rCorr}
rCorr   +            D - +3 pair of gauntlets of War {Slay+5}
SInv    +            (boots unavailable)
Will    ++++.        C - amulet of regeneration Stlth
                     a - +6 ring of dexterity
HPRegen 1.36/turn    V - ring of Wudeh {rC+ Slay+5}
MPRegen 0.26/turn

%: repel missiles, reflection, clarity
@: studying 2 skills
A: hooves 3, hurl damnation, icemail 2, powered by death 3, torment resistance
1, sanguine armour 3, condensation shield, demonic willpower, beak, clarity,
deformed body, strong-willed 1, sense surroundings 1, screaming 1, teleportitis
1, cold vulnerability 1, MP-powered wands
0: Orb of Zot
}: 4/15 runes: serpentine, barnacled, slimy, silver
a: Hurl Damnation, Renounce Religion, Upheaval, Elemental Force


You escaped.
You worshipped Qazlal.
Qazlal was greatly pleased with you.
You visited 11 branches of the dungeon, and saw 53 of its levels.
You visited the Abyss 1 time.
You also visited: Sewer, Bailey, Ice Cave and Wizlab.

You collected 8093 gold pieces.
You spent 3546 gold pieces at shops.

Inventory:

Hand Weapons
 h - the +10 dagger of the Rat {flame, *Noise Will+++ Int+2 Stlth-}
   (You found it on level 2 of the Dungeon)

   Int:       It affects your intelligence (+2).
   *Noise:    It may make noises in combat.
   Will:      It greatly increases your willpower.
   Stlth:     It makes you less stealthy.
 K - the +7 rapier "Qeokhlerch" (weapon) {flame, rPois}
   (You took it off a deep elf elementalist on level 3 of the Elven Halls)

   rPois:     It protects you from poison.
Missiles
 e - 9 boomerangs of dispersal
 f - 21 curare-tipped darts
 F - 16 throwing nets
 S - 53 boomerangs (quivered)
Armour
 q - the +2 helmet of the Eagle {Slay+2}
   (You found it on level 3 of the Depths)

   Slay:      It affects your accuracy & damage with ranged weapons and melee
   (+2).
 v - a +2 cloak of preservation (worn)
 A - a +1 tower shield of reflection (worn)
 D - the +3 pair of gauntlets of War (worn) {Slay+5}
   (You bought it in a shop on level 1 of the Elven Halls)

   Slay:      It affects your accuracy & damage with ranged weapons and melee
   (+5).
 Q - the +13 chain mail of Demons (worn) {rElec Str-2 SInv}
   (You found it on level 3 of the Elven Halls)

   Str:       It affects your strength (-2).
   rElec:     It insulates you from electricity.
   SInv:      It lets you see invisible.
Jewellery
 a - a +6 ring of dexterity (left hand)
 C - an amulet of regeneration (around neck)
 G - a ring of flight
 R - a ring of protection from fire
 U - a ring of poison resistance
 V - the ring of Wudeh (right hand) {rC+ Slay+5}
   (You took it off a deep elf death mage on level 3 of the Elven Halls)

   [ring of protection from cold]

   Slay:      It affects your accuracy & damage with ranged weapons and melee
   (+5).
   rC:        It protects you from cold.
 X - a ring of protection from cold
Wands
 g - a wand of mindburst (79)
 k - a wand of digging (21)
 E - a wand of flame (32)
 H - a wand of roots (83)
 O - a wand of charming (37)
 T - a wand of quicksilver (4)
Scrolls
 j - 3 scrolls of poison
 u - 2 scrolls of butterflies
 w - 11 scrolls of fear
 z - 7 scrolls of magic mapping
 I - a scroll of silence
 L - 8 scrolls of fog
 M - 17 scrolls of teleportation
 P - 6 scrolls of blinking
Potions
 d - 6 potions of might
 i - 25 potions of curing
 l - a potion of enlightenment
 o - 4 potions of berserk rage
 r - 5 potions of invisibility
 s - 6 potions of cancellation
 t - 5 potions of heal wounds
 J - 8 potions of resistance
 N - 2 potions of haste
Miscellaneous
 x - a lightning rod (4/4)
 W - a phantom mirror
 Z - a tin of tremorstones (2/2)


   Skills:
 * Level 19.0 Fighting
 - Level 14.0 Short Blades
 + Level 0.4(9.0) Long Blades
 + Level 2.8(3.0) Axes
 + Level 0.4(1.9) Maces & Flails
 + Level 0.3(1.8) Polearms
 + Level 0.5(0.8) Staves
 + Level 0.3 Ranged Weapons
 + Level 2.7 Throwing
 * Level 18.4 Armour
 * Level 15.3 Dodging
 - Level 2.2 Stealth
 + Level 23.7 Shields
 + Level 0.5 Unarmed Combat
 - Level 1.0 Spellcasting
 - Level 1.0 Conjurations
 - Level 0.8 Hexes
 - Level 0.3 Summonings
 - Level 0.8 Necromancy
 - Level 0.6 Translocations
 - Level 0.3 Transmutations
 - Level 0.7 Fire Magic
 - Level 0.5 Ice Magic
 - Level 0.9 Air Magic
 - Level 0.3 Earth Magic
 - Level 1.2 Poison Magic
 * Level 25.5 Invocations
 * Level 18.8 Evocations


You had 28 spell levels left.
You didn't know any spells.
Your spell library contained the following spells:

 Spells                   Type           Power      Damage    Failure   Level
 Magic Dart               Conj           8%         1d3       73%         1
 Foxfire                  Conj/Fire      8%         2x1d4     75%         1
 Kiss of Death            Conj/Necr      8%         2d6       75%         1
 Necrotise                Necr           8%         1d4       75%         1
 Shock                    Conj/Air       8%         1d3       75%         1
 Apportation              Tloc           2%         N/A       77%         1
 Sting                    Tmut/Pois      4%         1d3       77%         1
 Freeze                   Ice            4%         1d3       80%         1
 Summon Small Mammal      Summ           4%         N/A       82%         1
 Beastly Appendage        Tmut           2%         N/A       83%         1
 Poisonous Vapours        Pois/Air       4%         N/A       85%         2
 Cigotuvi's Dreadful Rot  Necr/Pois/Air  4%         N/A       86%         2
 Searing Ray              Conj           4%         2d4       86%         2
 Static Discharge         Conj/Air       4%         2-3/arc   86%         2
 Momentum Strike          Conj/Tloc      2%         3d8       87%         2
 Sublimation of Blood     Necr           2%         N/A       87%         2
 Blink                    Tloc           2%         N/A       88%         2
 Lesser Beckoning         Tloc           2%         N/A       88%         2
 Ensorcelled Hibernation  Hex/Ice        2%         N/A       89%         2
 Passwall                 Tmut/Erth      0%         N/A       91%         2
 Wereblood                Tmut           1%         N/A       92%         2
 Mephitic Cloud           Conj/Pois/Air  2%         N/A       97%         3
 Confusing Touch          Hex            1%         N/A       98%         3
 Dazzling Flash           Conj/Hex       4%         N/A       98%         3
 Gell's Gravitas          Tloc           1%         N/A       98%         3
 Hailstorm                Conj/Ice       1%         3d3       98%         3
 Ignite Poison            Fire/Tmut/Pois 1%         N/A       98%         3
 Inner Flame              Hex/Fire       1%         N/A       98%         3
 Portal Projectile        Hex/Tloc       2%         N/A       98%         3
 Spider Form              Tmut/Pois      1%         N/A       98%         3
 Stone Arrow              Conj/Erth      2%         3d7       98%         3
 Summon Guardian Golem    Hex/Summ       1%         N/A       98%         3
 Swiftness                Air            2%         N/A       98%         3
 Teleport Other           Tloc           1%         N/A       98%         3
 Tukima's Dance           Hex            1%         N/A       98%         3
 Vampiric Draining        Necr           2%         2d6       98%         3
 Vhi's Electric Charge    Tloc/Air       2%         N/A       98%         3
 Volatile Blastmotes      Fire/Tloc      2%         2d10      98%         3
 Frozen Ramparts          Ice            2%         1d1       99%         3
 Airstrike                Air            1%         2d(1-17)  100%        4
 Anguish                  Hex/Necr       0%         N/A       100%        4
 Animate Dead             Necr           2%         N/A       100%        4
 Cause Fear               Hex            0%         N/A       100%        4
 Dispel Undead            Necr           2%         3d7       100%        4
 Flame Wave               Conj/Fire      2%         2d4       100%        4
 Fulminant Prism          Conj/Hex       1%         3d5       100%        4
 Ice Form                 Ice/Tmut       1%         N/A       100%        4
 Iskenderun's Mystic Bla  Conj/Tloc      1%         2d3       100%        4
 Leda's Liquefaction      Hex/Erth       0%         N/A       100%        4
 Manifold Assault         Tloc           1%         N/A       100%        4
 Passage of Golubria      Tloc           1%         N/A       100%        4
 Petrify                  Tmut/Erth      1%         N/A       100%        4
 Sticky Flame             Conj/Fire      2%         2d3       100%        4
 Summon Ice Beast         Ice/Summ       1%         N/A       100%        4
 Agony                    Necr           2%         N/A       100%        5
 Alistair's Intoxication  Tmut/Pois      0%         N/A       100%        5
 Arcjolt                  Conj/Air       1%         1d11      100%        5
 Blade Hands              Tmut           0%         N/A       100%        5
 Borgnjor's Vile Clutch   Necr/Erth      0%         N/A       100%        5
 Fireball                 Conj/Fire      1%         3d3       100%        5
 Freezing Cloud           Conj/Ice/Air   0%         6-21      100%        5
 Irradiate                Conj/Tmut      0%         3d11      100%        5
 Iskenderun's Battlesphe  Conj           2%         2d6       100%        5
 Lee's Rapid Deconstruct  Erth           0%         3d4*      100%        5
 Metabolic Englaciation   Hex/Ice        0%         N/A       100%        5
 Silence                  Hex/Air        1%         N/A       100%        5
 Summon Forest            Summ/Tloc      0%         N/A       100%        5
 Summon Mana Viper        Hex/Summ       1%         N/A       100%        5
 Yara's Violent Unravell  Hex/Tmut       0%         3d3       100%        5
 Dispersal                Tloc           0%         N/A       100%        6
 Eringya's Noxious Bog    Tmut/Pois      0%         N/A       100%        6
 Leda's Unmaking          Conj/Erth      0%         9d1       100%        6
 Plasma Beam              Fire/Air       1%         2x1d11    100%        6
 Simulacrum               Ice/Necr       0%         N/A       100%        6
 Starburst                Conj/Fire      1%         6d3       100%        6
 Statue Form              Tmut/Erth      0%         N/A       100%        6
 Summon Cactus Giant      Summ           0%         N/A       100%        6
 Dragon Form              Tmut           0%         N/A       100%        7
 Enfeeble                 Hex            0%         N/A       100%        7
 Haunt                    Necr/Summ      0%         N/A       100%        7
 Malign Gateway           Summ/Tloc      0%         N/A       100%        7
 Monstrous Menagerie      Summ           0%         N/A       100%        7
 Orb of Destruction       Conj           1%         9d5       100%        7
 Spellforged Servitor     Conj/Summ      0%         N/A       100%        7
 Storm Form               Tmut/Air       0%         N/A       100%        7
 Disjunction              Tloc           0%         N/A       100%        8
 Infestation              Necr           1%         N/A       100%        8
 Lehudib's Crystal Spear  Conj/Erth      0%         10d2      100%        8
 Maxwell's Capacitive Co  Air            1%         ∞         100%        8
 Dragon's Call            Summ           0%         N/A       100%        9
 Fire Storm               Conj/Fire      1%         7d1       100%        9
 Polar Vortex             Ice            0%         N/A       100%        9
 Shatter                  Erth           0%         3d5*      100%        9


Dungeon Overview and Level Annotations

Branches:
Dungeon (15/15)            Temple (1/1) D:5            Lair (5/5) D:8
 Shoals (4/4) Lair:3        Snake (4/4) Lair:2        Slime (5/5) Lair:4
    Orc (2/2) D:12            Elf (3/3) Orc:2        Vaults (5/5) D:14
  Crypt (0/3) Vaults:2     Depths (4/4) D:15            Zot (5/5) Depths:4
  Sewer (visited)          Bailey (visited)           IceCv (visited)
 WizLab (visited)

Altars:
Cheibriados
Dithmenos
Fedhas
Gozag
Hepliaklqana
Makhleb
Nemelex Xobeh
Qazlal
Sif Muna
Trog
Uskayaw
Vehumet
Wu Jian
Xom
Yredelemnul
Jiyva

Shops:
D:2 (   D:3 !   D:5 ?[=:?   D:8 :   D:9 *   D:10 *   D:12 *   Orc:1 !=
Orc:2 ?!([   Elf:1 [==   Elf:3 (   Shoals:3 *(:   Vaults:1 !   Vaults:2 [
Depths:2 =(([*   Depths:4 *[

Portals:
Hell: Depths:1 Depths:2 Depths:3 Depths:4
Abyss: Zot:1 Depths:3 Depths:4
Pandemonium: Depths:2 Depths:3 Depths:4
Ziggurat: Depths:2
Trove: D:12 (give 12 potions of heal wounds)

Annotations:
D:8 exclusion: statue
Snake:2 1 transporter


Innate Abilities, Weirdness & Mutations

You have hooves in place of feet.
You can hurl damnation.
A meltable icy envelope protects you from harm. (AC +8)
You regenerate a lot of health from kills.
You are resistant to unholy torment.
When seriously injured, your blood forms very thick armour. (AC +0)
A meltable shield of frost defends you. (SH +4)
You punish those that try to bend your will. (Will+)
You have a beak for a mouth.
You possess an exceptional clarity of mind.
Armour fits poorly on your strangely shaped body.
You are strong-willed. (Will+)
You passively map a small area around you.
You occasionally shout uncontrollably at your foes.
You are occasionally teleported next to monsters.
You are vulnerable to cold. (rC-)
You expend magic power (3 MP) to strengthen your wands.


Message History

As you read the scroll of teleportation, it crumbles to dust.
You feel strangely unstable.
You feel the Orb delaying your translocation!
Your surroundings suddenly seem different.
An Orb Guardian comes into view.
You puncture the Orb Guardian! You burn the Orb Guardian.
Your kick misses the Orb Guardian.
The Orb Guardian is moderately wounded.
You block the Orb Guardian's attack.
You barely miss the Orb Guardian.
You kick the Orb Guardian, but do no damage.
Your peck misses the Orb Guardian.
The Orb Guardian is lightly wounded.
You block the Orb Guardian's attack.
You hit the Orb Guardian. You burn the Orb Guardian. You kick the Orb Guardian.
The Orb Guardian is moderately wounded.
You block the Orb Guardian's attack.
You puncture the Orb Guardian! You burn the Orb Guardian.
You kick the Orb Guardian!
The Orb Guardian is severely wounded.
You puncture the Orb Guardian! You burn the Orb Guardian.
You kick the Orb Guardian!
You peck the Orb Guardian, but do no damage.
The Orb Guardian is almost dead.
You block the Orb Guardian's attack.
You puncture the Orb Guardian! You burn the Orb Guardian.
You kill the Orb Guardian!
Qazlal accepts your kill.
You yell at the lich!
You yell at the hellwing!
A hellwing and 2 liches come into view.
The hellwing gives a chilling moan.
The lich shouts!
The lich moves out of view.
A balrug and 2 sun demons come into view.
The balrug is wielding a +1 demon whip of electrocution.
The sun demon shouts!
The balrug moves out of view.
You hear a shout!
A demonic crawler comes into view.
There is a staircase leading out of the dungeon here.
You have escaped!

.##### .....####
.2......####
...........###
.........2...##
######.....3..##
#####4.3.s##
####.§.## ###.@#
####


You could see a balrug, a demonic crawler, 2 sun demons and a hellwing.

Vanquished Creatures
  the Royal Jelly (Slime:5)
  6 dread liches
  A pandemonium lord (D:3)
  5 ancient liches
  Tiamat (Zot:2)
  3 orbs of fire (Zot:5)
  The ghost of Joggorr the Slayer, a veteran OgBe of Trog (Zot:1)
  Josephina (Depths:4)
  9 Killer Klowns (Zot:5)
  Saint Roka (Vaults:1)
  4 caustic shrikes
  2 curse toes
  A profane servitor (Zot:1)
  6 golden dragons
  3 bone dragons
  4 electric golems
  A Brimstone Fiend (Depths:1)
  16 tentacled monstrosities
  Zenata (Vaults:3)
  4 Hell Sentinels
  An Ice Fiend (Depths:1)
  30 Orb Guardians
  3 liches (Abyss:1)
  Asterion (D:14)
  A deep elf master archer (Elf:3)
  6 titans
  3 deep elf blademasters
  6 quicksilver dragons
  20 acid blobs
  2 Executioners
  A tentacled starspawn (Abyss:1)
  Polyphemus (Shoals:2)
  A kraken (Shoals:4)
  9 sphinxes
  10 tengu reavers
  The ghost of Cahom the Warrior, an adept MiBe of Trog (Shoals:1)
  8 death cobs
  11 shadow dragons
  Roxanne (D:14)
  Donald (Shoals:2)
  5 rockslimes
  9 azure jellies
  Ilsuiw (Shoals:2)
  13 storm dragons
  6 nagarajas
  5 draconian monks
  10 fire giants
  5 draconian knights
  A daeva (Abyss:1)
  3 iron dragons (Vaults:5)
  3 draconian scorchers
  17 vault wardens
  9 deep elf sorcerers
  4 draconian shifters
  Aizul (Snake:1)
  6 frost giants
  3 orc warlords
  3 draconian stormcallers
  6 deep elf elementalists (Elf:3)
  2 juggernaut zombies
  An angel (Depths:2)
  7 war gargoyles
  10 quicksilver oozes
  4 cacodemons
  7 ironbound thunderhulks
  A juggernaut skeleton (Depths:3)
  A draconian annihilator (Zot:2)
  A quicksilver ooze (shapeshifter) (Zot:1)
  3 spriggan defenders
  4 demonspawn corrupters (WizLab)
  7 formless jellyfish
  A reaper (IceCv)
  17 stone giants
  24 very ugly things
  18 ironbound preservers
  The ghost of Ylounoac the Severer, a journeyman MiBe of Trog (D:14)
  8 deep elf demonologists (Elf:3)
  Nessos (Lair:2)
  19 yellow draconians
  10 green draconians
  2 spark wasps (Depths:1)
  A bunyip (shapeshifter) (Depths:2)
  9 red draconians
  9 black draconians
  5 dire elephants
  A minotaur (Shoals:2)
  6 purple draconians
  11 white draconians
  2 lorocyprocas
  12 deep elf annihilators
  A blizzard demon (Abyss:1)
  An eidolon (Abyss:1)
  3 crystal guardians
  8 deep elf death magi
  12 ettins
  A green death (Abyss:1)
  6 fire dragons
  3 merfolk javelineers (Shoals:4)
  6 merfolk impalers
  7 deep elf high priests
  8 great orbs of eyes
  16 yaktaur captains
  2 entropy weavers
  A spriggan zombie (Depths:3)
  A hell beast (Depths:3)
  5 rakshasas
  5 salamander tyrants
  Erolcha (Orc:1)
  7 ice dragons
  4 ogre magi
  10 anacondas
  3 spriggan air magi
  An ice dragon (shapeshifter) (Vaults:5)
  3 peacekeepers
  35 vault guards
  2 catoblepae
  14 centaur warriors
  6 hydras
  7 ironbound frosthearts
  2 death knights (Vaults:2)
  4 satyrs
  7 death yaks
  6 two-headed ogres
  11 deep troll shamans
  5 boulder beetles
  3 merfolk avatars
  6 merfolk aquamancers
  3 alligator snapping turtles
  24 dancing weapons
  12 naga warriors
  9 tengu warriors
  7 deep troll earth magi
  6 orc high priests
  10 spriggan berserkers
  3 vampire magi
  3 thrashing horrors (Abyss:1)
  2 hell hogs (Abyss:1)
  12 naga sharpshooters
  6 hell knights
  A sun demon (Zot:3)
  6 shock serpents
  A skyshark (shapeshifter) (Vaults:4)
  A titan skeleton (Depths:3)
  12 iron trolls
  6 wretched stars
  6 skysharks
  11 deep elf knights
  A shadow wraith (Abyss:1)
  3 skeletal warriors
  4 salamander mystics
  8 sea snakes
  A sixfirhy (D:12)
  A death drake (shapeshifter) (Vaults:5)
  A spriggan druid (WizLab)
  14 lindwurms
  53 deep trolls
  An orange crystal statue (Vaults:4)
  8 deep elf archers
  A deep troll (shapeshifter) (Vaults:3)
  10 harpies
  16 ironbound convokers
  8 naga ritualists
  7 glowing orange brains
  6 necromancers
  A bunyip skeleton (Abyss:1)
  14 orc knights
  20 deep elf zephyrmancers
  A lindwurm (shapeshifter) (Vaults:5)
  19 deep elf pyromancers
  11 wizards
  8 phantasmal warriors
  41 ugly things
  6 cyclopes
  4 shining eyes
  10 mana vipers
  23 manticores
  20 moths of wrath
  A fire giant zombie (Depths:3)
  A stone giant zombie (Vaults:1)
  11 fauns
  2 worldbinders (Abyss:1)
  A manticore (shapeshifter) (Vaults:5)
  A human zombie (Vaults:1)
  15 salamanders
  2 orc sorcerers (Orc:1)
  23 elephants
  Maurice (D:9)
  A frost giant skeleton (Vaults:1)
  A naga zombie (Abyss:1)
  A stone giant skeleton (Vaults:1)
  A fire giant skeleton (Depths:1)
  8 merfolk sirens
  A toenail golem (Depths:4)
  6 guardian serpents
  2 ice statues (IceCv)
  17 naga magi
  4 rust devils
  38 black mambas
  17 vault sentinels
  5 torpor snails
  5 smoke demons
  3 gargoyles
  12 cane toads
  10 water nymphs
  5 orange demons
  A minotaur zombie (Abyss:1)
  Maggie (D:8)
  A storm dragon simulacrum (Zot:1)
  A rime drake (Lair:4)
  3 unseen horrors
  29 yaktaurs
  A hellion (D:3)
  3 freezing wraiths
  A kobold demonologist (Orc:1)
  6 komodo dragons
  3 anaconda simulacra (IceCv)
  A komodo dragon (shapeshifter) (Depths:1)
  4 ancient zymes (Abyss:1)
  A ghost moth simulacrum (Zot:1)
  A red devil (D:4)
  9 hellwings
  8 trolls
  23 merfolk
  A tengu simulacrum (Depths:3)
  3 tengu conjurers
  7 polar bears
  7 wind drakes
  17 blink frogs
  A meliai (Shoals:2)
  4 ice devils (IceCv)
  2 tyrant leeches (shapeshifter) (Vaults:5)
  11 raiju (Abyss:1)
  A tarantella (shapeshifter) (D:14)
  A raiju (shapeshifter) (D:14)
  5 dream sheep
  83 slime creatures
  7 hornets
  13 snapping turtles
  A human simulacrum (Vaults:4)
  2 air elementals (Elf:3)
  A spriggan (shapeshifter) (D:14)
  3 shadows
  A vampire (Abyss:1)
  3 wraiths
  7 spriggans
  2 dire elephant simulacra (IceCv)
  8 wyverns
  Eustachio (D:5)
  76 yaks
  4 ynoxinuls (Abyss:1)
  12 large abominations (Abyss:1)
  16 water elementals
  3 fire elementals
  Grum (D:9)
  4 basilisks
  3 neqoxecs (Abyss:1)
  15 golden eyes
  A purple draconian simulacrum (Zot:1)
  3 chaos spawn (Abyss:1)
  2 death yak simulacra (IceCv)
  2 steam dragons
  A black draconian simulacrum (Zot:1)
  2 redbacks (Vaults:3)
  11 vampire mosquitoes
  5 wargs
  Edmund (D:5)
  2 harpy simulacra (IceCv)
  40 nagas
  3 hydra simulacra (IceCv)
  13 water moccasins
  A glowing shapeshifter skeleton (Depths:1)
  A sky beast (D:8)
  A moth of wrath simulacrum (Zot:1)
  An ice beast (shapeshifter) (Vaults:4)
  27 orc warriors
  Pargi (Sewer)
  A black bear (Lair:4)
  12 wolves
  2 ice beasts
  10 ogres
  12 starcursed masses (Abyss:1)
  9 boggarts
  9 centaurs
  6 phantoms
  Blork the orc (D:5)
  20 kobold brigands
  12 bullfrogs
  4 earth elementals
  A gnoll sergeant (D:6)
  2 scorpions
  16 small abominations (Abyss:1)
  A two-headed ogre simulacrum (IceCv)
  4 wights
  2 troll zombies (D:12)
  11 killer bees
  11 howler monkeys
  2 electric eels
  A crimson imp (Abyss:1)
  3 quasits (Abyss:1)
  2 jellies (D:5)
  Crazy Yiuf (D:2)
  23 orc priests
  2 gnoll boudas
  4 hounds
  2 sleepcaps
  Natasha (thrice) (D:2)
  An iguana (D:6)
  19 orc wizards
  7 hell rats (Lair:5)
  Ijyb (D:4)
  A polar bear simulacrum (IceCv)
  6 ogre zombies (D:12)
  8 adders
  21 gnolls
  A naga simulacrum (IceCv)
  A river rat (D:3)
  4 shadow imps
  15 white imps
  4 ufetubi
  2 worms
  A dart slug (D:4)
  58 orcs
  5 endoplasms
  7 giant cockroaches
  9 hobgoblins
  23 jackals
  6 quokkas
  9 ball pythons
  6 bats
  11 frilled lizards
  17 goblins
  2 goblin zombies (D:12)
  2 hobgoblin skeletons (D:12)
  3 hobgoblin zombies (D:12)
  30 kobolds
  3 orc skeletons (D:12)
  15 orc zombies (D:12)
  2 rats (D:1)
  A butterfly (Lair:3)
  2 starspawn tentacles (Abyss:1)
  2 tentacles (Shoals:4)
2418 creatures vanquished.

Vanquished Creatures (collateral kills)
  A golden dragon (Depths:3)
  A tentacled monstrosity (Zot:3)
  A shadow dragon (Zot:3)
  A rockslime (Slime:5)
  A frost giant (Depths:3)
  A stone giant (Vaults:5)
  2 ironbound preservers
  2 black draconians (Zot:3)
  The ghost of Starbright the Martial Artist, a journeyman OpTm of Ru (Lair:4)
  A merfolk javelineer (Shoals:2)
  A deep elf high priest (WizLab)
  A hydra (Lair:4)
  2 merfolk impalers
  A centaur warrior (Shoals:2)
  A peacekeeper (Vaults:1)
  A satyr (Shoals:2)
  A dancing weapon (Elf:2)
  A death yak (Shoals:2)
  A shock serpent (Snake:2)
  A skyshark (Lair:5)
  2 skeletal warriors (D:11)
  4 deep trolls
  A naga ritualist (Snake:4)
  A salamander mystic (Snake:2)
  2 harpies (Shoals:2)
  A phantasmal warrior (Vaults:5)
  A wizard (WizLab)
  A deep elf archer (Elf:2)
  A deep elf zephyrmancer (Elf:2)
  A deep elf pyromancer (WizLab)
  A moth of wrath (Zot:5)
  An ugly thing (Depths:1)
  An elephant (Lair:5)
  2 manticores (Shoals:2)
  A worldbinder (WizLab)
  2 salamanders (Snake:2)
  A vault sentinel (Vaults:3)
  2 black mambas (Snake:2)
  2 merfolk sirens (Shoals:2)
  A guardian serpent (Snake:4)
  A cane toad (Lair:5)
  2 meliai (Shoals:2)
  A wind drake (Shoals:4)
  A hornet (Lair:5)
  5 merfolk
  2 snapping turtles
  4 dream sheep (Shoals:4)
  2 slime creatures (Vaults:1)
  2 water elementals (Shoals:3)
  A naga (Snake:2)
  3 orc warriors (Orc:2)
  3 kobold brigands (Orc:1)
  5 orc priests (Orc:2)
  2 orc wizards (Orc:2)
  5 orcs (Orc:2)
91 creatures vanquished.

Vanquished Creatures (others)
  A dread lich (Zot:5)
  A lich (Vaults:5)
  An eldritch tentacle (Zot:5)
  A nagaraja (Snake:4)
  A draconian scorcher (Zot:3)
  A deep elf knight (Elf:1)
  A freezing wraith (Vaults:5)
  A yaktaur (Vaults:1)
  An orc wizard (Orc:2)
  An ufetubus (Abyss:1)
  2 starspawn tentacles (Abyss:1)
  6 tentacles (Shoals:4)
18 creatures vanquished.

Grand Total: 2527 creatures vanquished

Notes
Turn   | Place    | Note
-------+----------+-------------------------------------------
     0 | D:1      | jlumianski the Demonspawn Fighter began the quest for the
                  | Orb.
     0 | D:1      | Reached XP level 1. HP: 18/18 MP: 1/1
   247 | D:2      | Gained mutation: You have large cloven feet. [demonic
                  | ancestry]
   247 | D:2      | Reached XP level 2. HP: 24/24 MP: 2/2
   278 | D:2      | Found Odolapem's Antique Weapon Emporium.
   308 | D:2      | Identified the +10 dagger of the Rat {flame, *Noise Will+++
                  | Int+2 Stlth-}
   432 | D:2      | Found a faded altar of an unknown god.
   566 | D:1      | Gained mutation: When seriously injured, your blood forms
                  | armour. (AC +0) [demonic ancestry]
   566 | D:1      | Reached XP level 3. HP: 29/29 MP: 3/3
  1116 | D:2      | Found a runed translucent door.
  1117 | D:2      | Noticed Crazy Yiuf
  1178 | D:2      | Noticed Natasha
  1183 | D:2      | Killed Natasha
  1184 | D:2      | Gained mutation: When seriously injured, your blood forms
                  | thick armour. (AC +0) [demonic ancestry]
  1184 | D:2      | Reached XP level 4. HP: 36/36 MP: 4/4
  1204 | D:2      | Noticed Natasha
  1211 | D:2      | Killed Natasha
  1212 | D:2      | Reached skill level 1 in Short Blades
  1315 | D:3      | Found Uboerr's Distillery.
  1323 | D:3      | Bought a potion of curing for 39 gold pieces
  1323 | D:3      | Bought a potion of mutation for 104 gold pieces
  1374 | D:3      | Gained mutation: A meltable shield of frost defends you.
                  | (SH +4) [demonic ancestry]
  1374 | D:3      | Reached XP level 5. HP: 42/42 MP: 5/5
  1480 | D:3      | Found a glowing drain.
  1484 | Sewer    | Entered a sewer
  1512 | Sewer    | Noticed Pargi
  1530 | Sewer    | Killed Pargi
  1839 | D:2      | Noticed Natasha
  1845 | D:2      | Killed Natasha
  1846 | D:2      | Gained mutation: You regenerate a little health from kills.
                  | [demonic ancestry]
  1846 | D:2      | Reached XP level 6. HP: 35/48 MP: 6/6
  2333 | D:2      | Killed Crazy Yiuf
  2740 | D:3      | You fall into a shaft and drop 3 floors!
  2854 | D:6      | Gained mutation: A meltable icy envelope protects you from
                  | harm. (AC +8) [demonic ancestry]
  2854 | D:6      | Reached XP level 7. HP: 53/54 MP: 7/7
  2907 | D:5      | Entered Level 5 of the Dungeon
  2987 | D:4      | Noticed Edmund
  3012 | D:5      | Killed Edmund
  3013 | D:5      | Reached skill level 1 in Dodging
  3032 | D:5      | Found a staircase to the Ecumenical Temple.
  3038 | D:5      | Found Lorghan's Book Shoppe.
  3045 | Temple   | Entered the Ecumenical Temple
  3054 | Temple   | Became a worshipper of Qazlal Stormbringer
  3105 | D:5      | Noticed Eustachio
  3111 | D:5      | Found Jaurhure's Armour Boutique.
  3123 | D:5      | Bought a +0 kite shield for 49 gold pieces
  3135 | D:5      | Killed Eustachio
  3136 | D:5      | Reached skill level 5 in Armour
  3136 | D:5      | Reached skill level 1 in Stealth
  3192 | D:5      | Reached XP level 8. HP: 59/61 MP: 8/8
  3202 | D:5      | Noticed Blork the orc
  3210 | D:5      | Killed Blork the orc
  3482 | D:5      | Reached * piety under Qazlal
  3498 | D:5      | Found Gyoxt's Magic Scroll Shoppe.
  3503 | D:5      | Bought a scroll of identify for 26 gold pieces
  3559 | D:5      | Found a sand-covered staircase.
  3789 | D:4      | Noticed Ijyb
  3800 | D:4      | Killed Ijyb
  3817 | D:3      | Identified the +4 chain mail of the Desert {Str+3 Int-4}
  4242 | D:4      | Reached skill level 5 in Shields
  5372 | D:5      | Found Kuluoc's Magic Scroll Shop.
  5376 | D:5      | Bought a scroll of teleportation for 42 gold pieces
  5376 | D:5      | Bought a scroll of teleportation for 42 gold pieces
  5436 | D:5      | Found Welib's Jewellery Boutique.
  5654 | D:7      | Reached skill level 1 in Invocations
  5908 | D:7      | Reached skill level 2 in Invocations
  5927 | D:7      | Reached skill level 5 in Fighting
  5927 | D:7      | Reached skill level 5 in Short Blades
  6167 | D:6      | Reached ** piety under Qazlal
  6168 | D:6      | Reached skill level 3 in Invocations
  6238 | D:6      | Gained mutation: You have hoof-like feet. [demonic
                  | ancestry]
  6238 | D:6      | Reached XP level 9. HP: 68/68 MP: 11/11
  6585 | D:7      | Reached skill level 4 in Invocations
  6699 | D:8      | Found a radiant altar of Vehumet.
  7006 | D:7      | Reached skill level 5 in Invocations
  7227 | D:8      | Found a bloodstained altar of Trog.
  7427 | D:8      | Noticed Maggie
  7444 | D:8      | Killed Maggie
  7445 | D:8      | Reached skill level 6 in Invocations
  7605 | D:8      | Found a staircase to the Lair.
  7688 | D:8      | Reached XP level 10. HP: 72/74 MP: 14/14
  7713 | D:8      | Noticed a walking divine tome
  7715 | D:8      | Found Azesmi's Book Emporium.
  7716 | D:8      | Noticed a walking frostbound tome
  7855 | D:8      | Reached *** piety under Qazlal
  8126 | D:9      | Reached skill level 7 in Invocations
  8169 | D:10     | Entered Level 10 of the Dungeon
  8663 | D:10     | Found Pourrutu's General Store.
  8677 | D:10     | Found a flagged portal.
  8704 | Bailey   | Entered a bailey
  8741 | Bailey   | Identified the +6 chain mail of Tiylo {Fly Str+4}
  8874 | Bailey   | Identified the +6 rapier of Biotusch {antimagic, Str+5}
  8991 | Bailey   | Reached **** piety under Qazlal
  9141 | D:9      | Noticed Maurice
  9151 | D:9      | Killed Maurice
  9251 | D:9      | Reached skill level 1 in Throwing
  9263 | D:9      | Gained mutation: You have hooves in place of feet. [demonic
                  | ancestry]
  9263 | D:9      | Reached XP level 11. HP: 81/81 MP: 16/16
  9479 | D:9      | Reached skill level 8 in Invocations
  9588 | D:9      | Found Punewk's Neck Hole.
  9589 | D:9      | Noticed Grum
  9604 | D:9      | Killed Grum
  9611 | D:9      | Bought an amulet of regeneration for 330 gold pieces
 10345 | D:11     | Found an ornate altar of the Wu Jian Council.
 10511 | D:11     | Found a radiant altar of Vehumet.
 10558 | D:11     | Reached ***** piety under Qazlal
 10772 | D:11     | Noticed a skeletal warrior
 10790 | D:11     | Killed a skeletal warrior
 10791 | D:11     | Reached skill level 9 in Invocations
 10805 | D:11     | Noticed a skeletal warrior
 10888 | D:10     | Killed a skeletal warrior
 10986 | D:11     | Found a blossoming altar of Fedhas.
 11621 | D:12     | Found a portal to a secret trove of treasure.
 11662 | D:12     | Noticed a cyan ugly thing
 11672 | D:12     | Killed a cyan ugly thing
 11728 | D:12     | Noticed a cyan ugly thing
 11740 | D:12     | Killed a cyan ugly thing
 11741 | D:12     | Reached XP level 12. HP: 74/89 MP: 19/19
 11769 | D:12     | Found Xiducit's Mayhem Merchandise.
 11775 | D:12     | Bought a +0 broad axe for 72 gold pieces
 11873 | D:12     | Found a staircase to the Orcish Mines.
 12190 | D:13     | Reached skill level 1 in Evocations
 12197 | D:13     | Reached skill level 10 in Shields
 12209 | D:13     | Reached skill level 10 in Invocations
 12225 | D:13     | Noticed a boulder beetle
 12228 | D:13     | Noticed a tengu warrior
 12331 | D:13     | Killed a tengu warrior
 12357 | D:13     | Killed a boulder beetle
 12433 | D:13     | Found the +13 scythe of Curses {drain, curses, Drain}
 12555 | D:13     | Identified the +1 robe of Cheibriados's Respect {+Inv
                  | Dex+5}
 12569 | D:13     | Identified the staff of death "Rorotwen" {Contam rPois rF-
                  | rC+ rN+ Dex+3}
 13196 | Lair:1   | Entered Level 1 of the Lair of Beasts
 13344 | Lair:1   | Reached skill level 11 in Invocations
 13375 | Lair:1   | Found a stormy altar of Qazlal.
 13701 | Lair:2   | Noticed a death yak
 13701 | Lair:2   | Noticed a death yak
 13701 | Lair:2   | Noticed a death yak
 13702 | Lair:2   | Noticed a death yak
 13717 | Lair:1   | Killed a death yak
 14336 | Lair:2   | Noticed a catoblepas
 14352 | Lair:1   | Killed a catoblepas
 14353 | Lair:1   | Gained mutation: You regenerate health from kills. [demonic
                  | ancestry]
 14353 | Lair:1   | Reached XP level 13. HP: 96/96 MP: 21/21
 14531 | Lair:2   | Found a staircase to the Snake Pit.
 14975 | Lair:3   | Noticed Nessos
 14993 | Lair:2   | Killed Nessos
 15217 | Lair:3   | Reached skill level 5 in Evocations
 15262 | Lair:3   | Reached skill level 12 in Invocations
 15346 | Lair:3   | Reached skill level 5 in Dodging
 15776 | Lair:3   | Found a staircase to the Shoals.
 16007 | Lair:4   | Found a runed translucent gate.
 16008 | Lair:4   | Found a runed translucent gate.
 16008 | Lair:4   | Found a runed translucent gate.
 16008 | Lair:4   | Noticed Starbright's ghost (journeyman OpTm)
 16020 | Lair:4   | Killed Starbright's ghost
 16032 | Lair:4   | Identified the +5 double sword of Resourcefulness {venom,
                  | rElec Str-5 Int+3}
 16195 | Lair:4   | Reached XP level 14. HP: 96/104 MP: 23/23
 16289 | Lair:4   | Found a viscous altar of Jiyva.
 16289 | Lair:4   | Found a staircase to the Slime Pits.
 16319 | Lair:4   | Found a frozen archway.
 16379 | IceCv    | Entered an ice cave
 16421 | IceCv    | Reached ****** piety under Qazlal
 16851 | IceCv    | Reached skill level 13 in Invocations
 16910 | IceCv    | Noticed a reaper
 16927 | IceCv    | Killed a reaper
 16940 | IceCv    | Got the Codex of Ice
 17182 | Lair:4   | Identified a scroll of acquirement
 17188 | Lair:4   | Acquired the ring "Wuzal" {Dex+2 SInv}
 17500 | Lair:5   | Entered Level 5 of the Lair of Beasts
 17721 | Lair:4   | Reached skill level 10 in Armour
 17941 | Lair:5   | Found the +8 trident of the Octopus King {venom, rElec
                  | rPois}
 18042 | Lair:5   | Reached skill level 10 in Short Blades
 18078 | Lair:5   | Found a snail-covered altar of Cheibriados.
 19428 | Orc:1    | Entered Level 1 of the Orcish Mines
 19473 | D:12     | Reached XP level 15. HP: 97/112 MP: 19/25
 19513 | Orc:1    | Noticed Erolcha
 19535 | Orc:1    | Killed Erolcha
 19664 | Orc:1    | Reached skill level 14 in Invocations
 19706 | Orc:1    | Found Viwu's Jewellery Emporium.
 20108 | Orc:1    | Found Rooxeuh's Distillery.
 20116 | Orc:1    | Bought a potion of mutation for 96 gold pieces
 20116 | Orc:1    | Bought a potion of heal wounds for 60 gold pieces
 20196 | Orc:2    | Entered Level 2 of the Orcish Mines
 20520 | Orc:2    | Found a staircase to the Elven Halls.
 21075 | Orc:2    | Found Evul's Antique Armour Shoppe.
 21075 | Orc:2    | Found Hisoc's Distillery.
 21076 | Orc:2    | Found Vuczuv's Magic Scroll Emporium.
 21080 | Orc:2    | Found Toschoome's Weapon Shoppe.
 21086 | Orc:2    | Bought a potion of berserk rage for 80 gold pieces
 21086 | Orc:2    | Bought a potion of might for 64 gold pieces
 21086 | Orc:2    | Bought a potion of might for 64 gold pieces
 21873 | D:15     | Entered Level 15 of the Dungeon
 21954 | D:14     | Identified Roxanne's Discursus on Transformation
 21954 | D:14     | Noticed Roxanne
 21984 | D:14     | Killed Roxanne
 22323 | D:14     | Reached skill level 15 in Shields
 22547 | D:14     | Found a runed translucent door.
 22548 | D:14     | Noticed Ylounoac's ghost (journeyman MiBe)
 22550 | D:14     | Identified the +7 trident of Distant Shores {heavy, Fly
                  | Will- Stlth+}
 22550 | D:14     | Identified the ring "Keasch" {Will+ rCorr}
 22605 | D:14     | Found a gate to the Vaults.
 22850 | D:14     | Killed Ylounoac's ghost
 22932 | D:14     | Reached skill level 15 in Invocations
 22976 | D:15     | Found the +8 Wrath of Trog {antimagic, *Rage Rampage}
 23050 | D:15     | Gained mutation: You regenerate a lot of health from kills.
                  | [demonic ancestry]
 23050 | D:15     | Reached XP level 16. HP: 120/120 MP: 27/27
 23118 | D:15     | Reached XP level 17. HP: 126/126 MP: 28/28
 23231 | D:15     | Found a staircase to the Depths.
 24030 | Snake:1  | Entered Level 1 of the Snake Pit
 24053 | Snake:1  | Reached skill level 10 in Evocations
 24300 | Snake:4  | Entered Level 4 of the Snake Pit
 24381 | Snake:1  | Noticed Aizul
 24407 | Snake:1  | Killed Aizul
 24653 | Snake:2  | Reached skill level 16 in Invocations
 24762 | Snake:2  | Found a transporter.
 24768 | Snake:2  | Found a transporter.
 25759 | Snake:1  | Identified the amulet "Guxakh" {rC+ Regen+ MP-9 Stlth+}
 25940 | Snake:2  | Reached skill level 10 in Fighting
 26048 | Snake:2  | Found a transporter.
 26053 | Snake:2  | Found a transporter.
 26271 | Snake:2  | Found a transporter.
 26295 | Snake:2  | Found a transporter.
 27383 | Snake:3  | Gained mutation: When seriously injured, your blood forms
                  | very thick armour. (AC +0) [demonic ancestry]
 27383 | Snake:3  | Reached XP level 18. HP: 136/136 MP: 30/30
 27895 | Snake:3  | Reached skill level 17 in Invocations
 28632 | Snake:3  | Upgraded the game from 0.31-a0-142-g31f6795574 to
                  | 0.31-a0-145-g046c7d2549
 28799 | Snake:4  | Got a serpentine rune of Zot
 29109 | Shoals:1 | Entered Level 1 of the Shoals
 29629 | Shoals:1 | Found a transporter.
 29635 | Shoals:1 | Noticed Cahom's ghost (adept MiBe)
 29637 | Shoals:1 | Found a transporter.
 30402 | Shoals:1 | Killed Cahom's ghost
 30612 | Shoals:2 | Noticed Ilsuiw
 30622 | Shoals:2 | Killed Ilsuiw
 30629 | Shoals:2 | Noticed Polyphemus
 30657 | Shoals:2 | Killed Polyphemus
 30801 | Shoals:2 | Identified the +5 kite shield "Sut Ykoh" {Rampage rElec rF+
                  | rC-}
 30801 | Shoals:2 | Noticed Donald
 30808 | Shoals:2 | Reached skill level 18 in Invocations
 30830 | Shoals:2 | Killed Donald
 31033 | Shoals:3 | Reached XP level 19. HP: 145/145 MP: 32/32
 31445 | Shoals:2 | Found a hide-covered altar of Uskayaw.
 31965 | Shoals:3 | Found Poherid's General Store.
 31971 | Shoals:3 | Found Vyqaytij's Antique Weapon Boutique.
 32008 | Shoals:3 | Bought a wand of quicksilver (5) for 252 gold pieces
 32078 | Shoals:4 | Entered Level 4 of the Shoals
 32411 | Shoals:3 | Found Retourr's Book Shop.
 33136 | Shoals:4 | Got a barnacled rune of Zot
 33430 | Shoals:4 | Reached skill level 19 in Invocations
 34051 | Elf:1    | Entered Level 1 of the Elven Halls
 34229 | Elf:3    | Entered Level 3 of the Elven Halls
 34455 | Elf:1    | Found Xupaur's Jewellery Boutique.
 34457 | Elf:1    | Found Avulif's Jewellery Shop.
 34460 | Elf:1    | Found Tuus's Armour Boutique.
 34467 | Elf:1    | Bought the +3 pair of gauntlets of War {Slay+5} for 855
                  | gold pieces
 34467 | Elf:1    | Found the +3 pair of gauntlets of War {Slay+5}
 35014 | Elf:3    | Found Osmoloaz's Weapon Emporium.
 35326 | Elf:2    | Found a runed translucent gate.
 35326 | Elf:2    | Found a runed translucent gate.
 35326 | Elf:2    | Found a runed translucent gate.
 36340 | Elf:3    | Reached XP level 20. HP: 156/156 MP: 33/33
 36340 | Elf:3    | Found a shimmering blue altar of Sif Muna.
 36648 | Elf:3    | Paralysed by an air elemental for 1 turns
 36659 | Elf:3    | Paralysed by an air elemental for 1 turns
 36684 | Elf:3    | Reached skill level 10 in Dodging
 37117 | Elf:3    | Reached skill level 20 in Invocations
 37161 | Elf:3    | Identified the +7 rapier "Qeokhlerch" {flame, rPois}
 37407 | Elf:3    | Identified the ring of Wudeh {rC+ Slay+5}
 37458 | Elf:3    | Identified the +13 chain mail of Demons {rElec Str-2 SInv}
 37460 | Elf:3    | Identified the staff of poison "Egaichamp" {*Corrode Fly
                  | rPois Will++ Str+3}
 37517 | Elf:3    | Identified the +1 trident "Goblinslayer" {drain, rC+
                  | Stlth+}
 37545 | Elf:3    | Identified the amulet "Homugong" {RegenMP rF+ rN+}
 38913 | Vaults:1 | Entered Level 1 of the Vaults
 38942 | Vaults:1 | Paralysed by a formless jellyfish for 1 turns
 39125 | Vaults:1 | Noticed Asterion
 39158 | D:14     | Killed Asterion
 39598 | Vaults:1 | Found Puite's Distillery.
 39603 | Vaults:1 | Bought a potion of heal wounds for 65 gold pieces
 39603 | Vaults:1 | Bought a potion of mutation for 104 gold pieces
 39603 | Vaults:1 | Bought a potion of heal wounds for 65 gold pieces
 39612 | Vaults:1 | Noticed Saint Roka
 39631 | Vaults:1 | Killed Saint Roka
 39715 | Vaults:1 | Gained mutation: A meltable icy envelope protects you from
                  | harm. (AC +8) [demonic ancestry]
 39715 | Vaults:1 | Reached XP level 21. HP: 165/165 MP: 35/35
 40417 | Vaults:2 | Found Tiyxuw's Armour Boutique.
 41391 | Vaults:2 | Found a staircase to the Crypt.
 41917 | Vaults:3 | Reached skill level 1 in Spellcasting
 41917 | Vaults:3 | Reached skill level 1 in Poison Magic
 41939 | Vaults:3 | Reached skill level 1 in Conjurations
 42094 | Vaults:3 | Reached skill level 15 in Armour
 42124 | Vaults:3 | Reached skill level 21 in Invocations
 42149 | Vaults:3 | Noticed Zenata
 42384 | Vaults:3 | Killed Zenata
 44491 | Vaults:4 | Reached XP level 22. HP: 173/173 MP: 36/36
 45006 | Depths:1 | Entered Level 1 of the Depths
 45010 | Depths:1 | Found a gateway to Hell.
 45688 | Depths:2 | Found Rozxoeb's Antique Armour Boutique.
 45729 | Depths:2 | Found a magical portal.
 45740 | Depths:2 | Reached skill level 15 in Evocations
 45762 | Depths:2 | Found Dusooph's Antique Weapon Shoppe.
 45762 | Depths:2 | Noticed a caustic shrike
 45781 | Depths:2 | Killed a caustic shrike
 45783 | WizLab   | Entered Alistair's Party Mansion
 45798 | WizLab   | Reached skill level 15 in Fighting
 46066 | WizLab   | Noticed a golden dragon
 46104 | WizLab   | Noticed a golden dragon
 46142 | WizLab   | Noticed a golden dragon
 46147 | WizLab   | Noticed a golden dragon
 46428 | WizLab   | Got Sif Muna's Papyrus of Altered Envenoming
 46430 | WizLab   | Got the Grimoire of the Figure
 46445 | WizLab   | Acquired 1296 gold pieces
 47349 | Depths:2 | Found a one-way gate leading to the halls of Pandemonium.
 47378 | Depths:2 | Bought an encrusted rapier for 315 gold pieces
 47378 | Depths:2 | Identified the +6 rapier of Balance {distort, rN+} (You
                  | bought it in a shop on level 2 of the Depths)
 47452 | Depths:2 | Found Eweozira's General Store.
 47468 | Depths:2 | Bought a scroll of enchant weapon for 142 gold pieces
 47468 | Depths:2 | Bought a scroll of blinking for 142 gold pieces
 47468 | Depths:2 | Bought a scroll of enchant weapon for 142 gold pieces
 47737 | Depths:2 | Found Eqaomas's Antique Weapon Emporium.
 47981 | Depths:2 | Found a one-way gateway to a ziggurat.
 48118 | Depths:2 | Found Noipa's Jewellery Shoppe.
 48120 | Depths:2 | Got Sif Muna's Catalogue of Discontinuous Ouranomancy
 48309 | Depths:4 | Entered Level 4 of the Depths
 48380 | Depths:3 | Gained mutation: You punish those that try to bend your
                  | will. (Will+) [demonic ancestry]
 48380 | Depths:3 | Reached XP level 23. HP: 168/182 MP: 28/37
 48460 | Depths:3 | Identified the +2 helmet of the Eagle {Slay+2}
 48545 | Depths:2 | Reached skill level 22 in Invocations
 48849 | Depths:3 | Found a one-way gate to the infinite horrors of the Abyss.
 48987 | Depths:3 | Found a sparkling altar of Nemelex Xobeh.
 50025 | Depths:4 | Got Sif Muna's Elucidation of Luminous Reconstruction
 50105 | Depths:4 | Noticed a caustic shrike
 50106 | Depths:4 | Noticed a caustic shrike
 50111 | Depths:4 | Noticed a caustic shrike
 50121 | Depths:3 | Killed a caustic shrike
 50129 | Depths:3 | Killed a caustic shrike
 50146 | Depths:4 | Killed a caustic shrike
 50473 | Depths:4 | Found a gate to the Realm of Zot.
 50664 | Depths:4 | Found Foduiter's Antique Armour Boutique.
 50664 | Depths:4 | Found Kaqup's Assorted Antiques.
 51481 | Elf:1    | Bought a +6 ring of dexterity for 396 gold pieces
 51813 | Slime:1  | Entered Level 1 of the Pits of Slime
 52186 | Slime:3  | Gained mutation: You are frail. (-10% HP) [a shining eye]
 52295 | Slime:3  | Gained mutation: You are resistant to unholy torment.
                  | [demonic ancestry]
 52295 | Slime:3  | Reached XP level 24. HP: 173/173 MP: 38/38
 52327 | Slime:5  | Entered Level 5 of the Pits of Slime
 52331 | Slime:5  | Gained mutation: You occasionally lose the ability to read
                  | scrolls when taking damage. [a shining eye]
 52550 | D:8      | Lost mutation: You occasionally lose the ability to read
                  | scrolls when taking damage. [potion of mutation]
 52550 | D:8      | Lost mutation: You are frail. (-10% HP) [potion of
                  | mutation]
 52550 | D:8      | Gained mutation: Your flesh is cold resistant. (rC+)
                  | [potion of mutation]
 52550 | D:8      | Gained mutation: Your flesh is very cold resistant. (rC++)
                  | [potion of mutation]
 52550 | D:8      | Gained mutation: You are agile. (Dex +4, Str/Int -1)
                  | [potion of mutation]
 52788 | Slime:5  | Noticed the Royal Jelly
 52803 | Slime:5  | Killed the Royal Jelly
 53069 | Slime:5  | Gained mutation: Potions are less effective at restoring
                  | your health. [a shining eye]
 53072 | Slime:5  | Gained mutation: You do not regenerate when monsters are
                  | visible. [a shining eye]
 53077 | Slime:5  | Lost mutation: Potions are less effective at restoring your
                  | health. [potion of mutation]
 53077 | Slime:5  | Lost mutation: Your flesh is very cold resistant. (rC++)
                  | [potion of mutation]
 53077 | Slime:5  | Gained mutation: You have an increased reservoir of magic.
                  | (+10% MP) [potion of mutation]
 53078 | Slime:5  | Lost mutation: You do not regenerate when monsters are
                  | visible. [potion of mutation]
 53078 | Slime:5  | Lost mutation: You have an increased reservoir of magic.
                  | (+10% MP) [potion of mutation]
 53078 | Slime:5  | Lost mutation: Your flesh is cold resistant. (rC+) [potion
                  | of mutation]
 53078 | Slime:5  | Gained mutation: You occasionally shout uncontrollably at
                  | your foes. [potion of mutation]
 53078 | Slime:5  | Gained mutation: You are robust. (+10% HP) [potion of
                  | mutation]
 53194 | Slime:5  | Found the ring of the Tortoise {AC+8}
 53199 | Slime:5  | Got the Parchment of Topography and Combat Magic
 53248 | Slime:5  | Got a slimy rune of Zot
 53260 | Slime:5  | Identified the +4 scale mail of Cibrok {rF+ Dex+7}
 53279 | Slime:5  | Identified the +6 shortbow of Eternal Vigilance {elec, Fly
                  | rF- SInv}
 53292 | Slime:5  | Got the Cyclopedia of Egomania
 53349 | Slime:5  | Identified the staff of conjuration "Egoets" {Will+ Str+4}
 53358 | Slime:5  | Identified the +8 quarterstaff of Wu Jian's Regard {drain,
                  | rF+ rCorr Int-2 Dex+3}
 54434 | Vaults:5 | Entered Level 5 of the Vaults
 54560 | Vaults:5 | Noticed a dread lich
 54632 | Vaults:4 | Reached skill level 23 in Invocations
 54649 | Vaults:5 | Identified the +9 war axe of Sybaukeu {antimagic, Will+
                  | rCorr Str-4}
 54671 | Vaults:4 | Killed a dread lich
 54701 | Vaults:5 | Identified the +9 hand axe "Mizyrea" {freeze, rF+ rC+}
 54708 | Vaults:5 | Noticed an ancient lich
 54715 | Vaults:5 | Noticed a dread lich
 54735 | Vaults:4 | Killed an ancient lich
 54833 | Vaults:4 | Killed a dread lich
 54851 | Vaults:4 | Gained mutation: You can hurl damnation. [demonic ancestry]
 54851 | Vaults:4 | Reached XP level 25. HP: 212/221 MP: 38/38
 54956 | Vaults:5 | Identified the +0 troll leather armour of Tout {Regen+
                  | Dex+3}
 54985 | Vaults:5 | Identified the +7 dagger of Intuition {freeze, *Noise Will+
                  | Dex+8}
 55012 | Vaults:5 | Identified the +4 arbalest of Wumoj {freeze, rElec}
 55237 | Vaults:5 | Identified the +6 short sword "Qaovuj" {flame, rC+ rN+
                  | SInv}
 55244 | Vaults:5 | Got the Elucidation of the Scintillating Blink Frog
 55294 | Vaults:5 | Identified the +5 war axe "Embalmer" {protect, rPois rF+
                  | Stlth+}
 55473 | Vaults:5 | Identified the +9 flail of Eternal Vigilance {freeze, *Rage
                  | Fly rC+ Dex+4}
 56746 | Vaults:5 | Identified the staff of death "Hooja" {Fragile rC+ rN+ MP+9
                  | Dex+4}
 56835 | Vaults:5 | Got a silver rune of Zot
 56838 | Vaults:5 | Got the Encyclopedia of Variable Charms
 56857 | Vaults:5 | Got the Collected Works on Momentum
 57654 | Zot:1    | Entered Level 1 of the Realm of Zot
 57656 | Zot:1    | Identified the staff of cold "Ycewkohe" {rC+ Dex+2}
 57656 | Zot:1    | Identified the ring "Atet" {Ice Str+5}
 57656 | Zot:1    | Noticed Josephina
 57682 | Depths:4 | Killed Josephina
 58122 | Zot:1    | Noticed an ancient lich
 58167 | Zot:1    | Noticed Joggorr's ghost (veteran OgBe)
 58190 | Zot:1    | Noticed a dread lich
 58194 | Zot:1    | Found a transporter.
 58224 | Zot:1    | Found the +4 dragonskin cloak
 58224 | Zot:1    | Noticed Tiamat
 58391 | Zot:2    | Killed Tiamat
 58579 | Zot:1    | Found a transporter.
 58897 | Zot:1    | Noticed a dread lich
 58923 | Zot:1    | Killed an ancient lich
 58924 | Zot:1    | Killed a dread lich
 58924 | Zot:1    | Killed a dread lich
 58925 | Zot:1    | Reached skill level 24 in Invocations
 59039 | Zot:1    | Killed Joggorr's ghost
 60987 | Zot:3    | Reached XP level 26. HP: 232/232 MP: 35/39
 61648 | Zot:3    | Found a transporter.
 62020 | Zot:4    | Found a transporter.
 62133 | Zot:5    | Entered Level 5 of the Realm of Zot
 62289 | Zot:4    | Found a transporter.
 62738 | Zot:4    | Noticed an ancient lich
 62750 | Zot:4    | Killed an ancient lich
 62966 | Zot:4    | Identified the amulet of Meij {Spirit Fragile +Blink rPois
                  | rF+++}
 62980 | Zot:4    | Identified the ring "Qiajito" {Will+ EV+5 Int+2 Stlth+}
 63846 | Zot:1    | Voluntarily entered the Abyss.
 63846 | Abyss:1  | Found a corrupted altar of Lugonu.
 64084 | Abyss:1  | Found a basalt altar of Yredelemnul.
 64107 | Abyss:1  | Paralysed by accursed screaming for 1 turns
 64240 | Abyss:1  | Gained mutation: Your body sometimes deteriorates upon
                  | taking damage. [a neqoxec]
 64354 | Abyss:1  | Found a shadowy altar of Dithmenos.
 64384 | Abyss:1  | Found a corrupted altar of Lugonu.
 64712 | Abyss:1  | Found a corrupted altar of Lugonu.
 65301 | Zot:1    | Escaped the Abyss
 65478 | Zot:5    | Noticed a dread lich
 65487 | Zot:5    | Noticed an ancient lich
 65489 | Zot:5    | Noticed an orb of fire
 65491 | Zot:5    | Killed an ancient lich
 65491 | Zot:5    | Gained mutation: You are dopey. (Int -2) [a cacodemon]
 65492 | Zot:5    | Noticed an orb of fire
 65494 | Zot:5    | Killed a dread lich
 65496 | Zot:5    | Lost mutation: You are agile. (Dex +4, Str/Int -1) [an orb
                  | of fire]
 65497 | Zot:5    | Gained mutation: Your body often deteriorates upon taking
                  | damage. [an orb of fire]
 65502 | Zot:5    | Gained mutation: You are vulnerable to cold. (rC-) [an orb
                  | of fire]
 65504 | Zot:5    | Gained mutation: You sometimes lose your temper in combat.
                  | [an orb of fire]
 65531 | Zot:4    | Lost mutation: You are robust. (+10% HP) [potion of
                  | mutation]
 65531 | Zot:4    | Lost mutation: You sometimes lose your temper in combat.
                  | [potion of mutation]
 65531 | Zot:4    | Gained mutation: You are frail. (-10% HP) [potion of
                  | mutation]
 65531 | Zot:4    | Gained mutation: You are weak. (Str -2) [potion of
                  | mutation]
 65531 | Zot:4    | Gained mutation: You frequently scream uncontrollably at
                  | your foes. [potion of mutation]
 65532 | Zot:4    | Lost mutation: You are vulnerable to cold. (rC-) [potion of
                  | mutation]
 65532 | Zot:4    | Lost mutation: Your body often deteriorates upon taking
                  | damage. [potion of mutation]
 65532 | Zot:4    | Gained mutation: You occasionally lose the ability to drink
                  | potions when taking damage. [potion of mutation]
 65533 | Zot:4    | Lost mutation: You occasionally lose the ability to drink
                  | potions when taking damage. [potion of mutation]
 65533 | Zot:4    | Lost mutation: Your body sometimes deteriorates upon taking
                  | damage. [potion of mutation]
 65533 | Zot:4    | Lost mutation: You are weak. (Str -2) [potion of mutation]
 65533 | Zot:4    | Gained mutation: You are occasionally teleported next to
                  | monsters. [potion of mutation]
 65533 | Zot:4    | Gained mutation: You possess an exceptional clarity of
                  | mind. [potion of mutation]
 65613 | Zot:5    | Noticed an orb of fire
 65618 | Zot:5    | Gained mutation: You occasionally lose the ability to drink
                  | potions when taking damage. [an orb of fire]
 65628 | Zot:5    | Gained mutation: You are vulnerable to cold. (rC-) [an orb
                  | of fire]
 65632 | Zot:5    | Killed an orb of fire
 65655 | Zot:5    | Reached skill level 25 in Invocations
 65671 | Zot:5    | Noticed an ancient lich
 65674 | Zot:5    | Noticed a dread lich
 65679 | Zot:5    | Noticed a dread lich
 65687 | Zot:5    | Killed an ancient lich
 65708 | Zot:5    | Killed a dread lich
 65714 | Zot:5    | Killed a dread lich
 65715 | Zot:5    | Reached XP level 27. HP: 186/197 MP: 24/39
 65723 | Zot:5    | Reached skill level 15 in Dodging
 65861 | Zot:5    | Gained mutation: You occasionally lose the ability to read
                  | scrolls when taking damage. [an orb of fire]
 65873 | Zot:5    | Killed an orb of fire
 65874 | Zot:5    | Gained mutation: Your spells are a little easier to cast,
                  | but a little less powerful. [an orb of fire]
 65888 | Zot:5    | Gained mutation: Your body sometimes deteriorates upon
                  | taking damage. [an orb of fire]
 65893 | Zot:5    | Killed an orb of fire
 66418 | Zot:5    | Lost mutation: You are dopey. (Int -2) [potion of mutation]
 66418 | Zot:5    | Lost mutation: You occasionally lose the ability to drink
                  | potions when taking damage. [potion of mutation]
 66418 | Zot:5    | Gained mutation: You passively map a small area around you.
                  | [potion of mutation]
 66418 | Zot:5    | Gained mutation: You expend magic power (3 MP) to
                  | strengthen your wands. [potion of mutation]
 66418 | Zot:5    | Gained mutation: You are strong-willed. (Will+) [potion of
                  | mutation]
 66419 | Zot:5    | Lost mutation: Your body sometimes deteriorates upon taking
                  | damage. [potion of mutation]
 66419 | Zot:5    | Lost mutation: Your spells are a little easier to cast, but
                  | a little less powerful. [potion of mutation]
 66419 | Zot:5    | Lost mutation: You are frail. (-10% HP) [potion of
                  | mutation]
 66419 | Zot:5    | Gained mutation: You passively map the area around you.
                  | [potion of mutation]
 66420 | Zot:5    | Lost mutation: You passively map the area around you.
                  | [potion of mutation]
 66420 | Zot:5    | Lost mutation: You frequently scream uncontrollably at your
                  | foes. [potion of mutation]
 66420 | Zot:5    | Lost mutation: You occasionally lose the ability to read
                  | scrolls when taking damage. [potion of mutation]
 66420 | Zot:5    | Gained mutation: Armour fits poorly on your strangely
                  | shaped body. [potion of mutation]
 66420 | Zot:5    | Gained mutation: You have hidden genetic potential. [potion
                  | of mutation]
 66583 | Zot:5    | Got the Orb of Zot
 66599 | Zot:5    | Noticed a seraph
 66795 | Zot:1    | Lost mutation: You have hidden genetic potential. [a
                  | cacodemon]
 66825 | Zot:1    | HP: 2/220 [Hell Sentinel/damnation (23)]
 67078 | Depths:1 | Found a shadowy altar of Dithmenos.
 67274 | D:12     | Gained mutation: You have a beak for a mouth. [a cacodemon]
 67527 | D:4      | Noticed Afuq the pandemonium lord
 67540 | D:4      | Noticed Pahucisu the pandemonium lord
 67572 | D:3      | Killed Afuq the pandemonium lord
 67718 | D:$      | Escaped with the Orb!

Illustrated notes

Levels and vault maps discovered:
D:1:      eino_arrival_cavern_c, layout_basic
D:2:      layout_basic, serial_shops, nicolae_shop_tiny_statue_garden,
          basic_ecumenical_altar, uniq_crazy_yiuf_cottage, uniq_natasha
D:3:      layout_basic, serial_shops, nicolae_shop_industrial_runoff,
          gup_sewer_entry_spiral, minmay_misc_feat_tower, hex_tiny,
          nicolae_grassy_gnolls
D:4:      layout_layer_cave, bh_walls_and_bars, uniq_edmund, uniq_ijyb
D:5:      layout_loops_ring, minmay_temple_entry_sparse_star,
          nicolae_ossuary_entry_false_entrances, serial_shops, shop,
          nicolae_shop_rolled_up, nicolae_shop_trees, shop,
          nicolae_shop_back_alley_shop, serial_park_tiny_1, uniq_eustachio,
          uniq_blork_the_orc
D:6:      minmay_angry_zag, layout_cave_pools
D:7:      layout_basic
D:8:      layout_loops_ring, trog_hazing_becter, vehumet_statue,
          dpeg_oklobed_lair, serial_shops, nicolae_shop_mannequins,
          serial_aquarium, aquarium_bridge_square [aquarium_subvault_wall,
          aquarium_subvault_wall, aquarium_subvault_wall,
          aquarium_subvault_bridge], aquarium_bridge_island_large
          [aquarium_subvault_large_water, aquarium_subvault_bridge,
          aquarium_subvault_wall, aquarium_subvault_bridge,
          aquarium_subvault_bridge], aquarium_window_1, aquarium_window_fake,
          aquarium_view_2f, aquarium_view_2b, aquarium_pool_1,
          minmay_tree_intersection, uniq_maggie
D:9:      layout_stronghold, pf_just_have_faith, serial_bayou,
          serial_bayou_crossing, serial_bayou_pond_b, serial_bayou_pond_c,
          serial_bayou_pond_d, nicolae_shop_sticking_my_neck_out, uniq_grum,
          uniq_maurice
D:10:     layout_loops_ring, serial_shops, shop, enter_bailey_4
D:11:     layout_gridville, hangedman_feature_mirror, fedhas_altar_3
D:12:     layout_basic, zombieorc2_lemuel, nicolae_trove_entry_free_sample,
          minmay_shop_mayhem, minmay_misc_feat_encased, nicolae_lava_and_water,
          minmay_statues_item
D:13:     minmay_cut_squares, layout_basic
D:14:     layout_roguey, david_vaults_1, chequers_avenue,
          ebering_ghost_funeral_grove, uniq_roxanne
D:15:     hangedman_depths_entry_try_elsewhere_first, layout_basic,
          hangedman_decor_diamond_cutter, drop_trap, solitary_fountain,
          minmay_guarded_unrand_wrath_of_trog
Temple:   nicolae_temple_bog_church
Lair:1:   layout_concentric_octagons, chequers_serial_rivers_marsh,
          lemuel_centaur_altar, grunt_megastairs_4
Lair:2:   layout_regular_city, dummy_snake_entry
Lair:3:   layout_gridlike, elwin_shoals_entry_stream, lemuel_fruit_fields,
          uniq_nessos
Lair:4:   beast_lair_carwin_large_4, layout_loops_ring, slime_entry_1,
          gammafunk_ghost_hydra_chop, portal_ice_cave_entry_imps,
          forest_entry_grove
Lair:5:   gammafunk_lair_ancient_temple, layout_hall_layers, enter_volcano_1,
          kennysheep_snail_temple
Shoals:1: cheibrodos_shoals_gigantism, layout_shoals, gammafunk_ghost_arena,
          nicolae_shoals_the_drawing_of_the_three
Shoals:2: layout_shoals, regret_index_shoals_crete, uniq_polyphemus,
          uniq_ilsuiw, uniq_donald
Shoals:3: layout_shoals, serial_shops, shop_fountains, nicolae_shop_peninsula,
          shop
Shoals:4: shoals_end_simple, layout_shoals
Snake:1:  layout_misc_corridors, library_closet, nicolae_snake_gridmaze_tees,
          nicolae_snake_scaly_snakehead, uniq_aizul
Snake:2:  layout_onion, serial_nicolae_subway, nicolae_sub_station_crystal,
          nicolae_sub_station_metal, nicolae_sub_station_stone,
          grunt_megastairs_2
Snake:3:  layout_cave_town
Snake:4:  hellmonk_snake_rune_quicksilver_temple, layout_misc_corridors
Slime:1:  layout_caves
Slime:2:  layout_caves
Slime:3:  layout_caves, nicolae_slime_barrier
Slime:4:  layout_caves
Slime:5
Orc:1:    layout_caves, serial_shops, shop, shop_fountains, special_room
          [special_room_kobold], guppyfry_orc_lava_fort, uniq_erolcha
Orc:2:    st_orc_mages, layout_caves
Elf:1:    layout_loops_cross, minmay_elf_annihilation, patterned_corridor,
          minmay_shop_star
Elf:2:    nicolae_elf_blades_splatter_lattice
          [nicolae_blade_entry_diamond_columns], layout_geoelf_grid
Elf:3:    minmay_elf_hall_four_x, layout_geoelf_castle, serial_shops,
          nicolae_shop_tiny_waterfront, basic_altar
Vaults:1: vaults_dpeg_spiral, hangedman_vaults_maws, v_misc_1,
          hangedman_vaults_maws, v_pattern_1, nicolae_vaults_closet_pinwheel_4,
          v_misc_11, nicolae_vaults_circle_grid_b, serial_ice_b,
          nicolae_vaults_tetromino_Z_1, layout_vaults_big_room, serial_shops,
          nicolae_shop_just_a_little_nook, uniq_saint_roka, uniq_asterion
Vaults:2: hangedman_vaults_corner_blocks, nicolae_vaults_closet_pinwheel_4,
          blue_anna_dwarven_crypt, nicolae_vaults_mini_display_case,
          v_pattern_5, nicolae_vaults_taking_the_gang_shopping,
          nicolae_vaults_tetromino_L_1, layout_vaults_omnigrid
Vaults:3: v_rooms_6, hangedman_vaults_restitches,
          nicolae_vaults_shrinking_rooms_1,
          nicolae_vaults_offset_grid_hallway_3, vaults_room_corners,
          nicolae_vaults_shelves_hall, vaults_standard_mumra_lines,
          nicolae_vaults_closet_pinwheel_4, nicolae_vaults_specimen_jars,
          st_cross, nicolae_vaults_prndl, nicolae_vaults_trapezoid_lopsided_4,
          layout_vaults_omnibox, uniq_zenata
Vaults:4: ontoclasm_vaults_fault, nicolae_vaults_statue_guard,
          nicolae_vaults_sesquioval_fish, ontoclasm_vaults_ring_square,
          nicolae_vaults_apartment_2, v_misc_13, v_misc_1, serial_ice_g,
          grunt_vaults_diagonal, v_rooms_3, nicolae_vaults_little_squares_5,
          v_misc_16, vaults_room_fours, layout_vaults_omnicross
Vaults:5: serial_shops
Depths:1: layout_cave_shapes, serial_shops, nicolae_shop_back_alley_shop,
          hell_entry, nicolae_ru_path_of_blood, st_stairs_1,
          grunt_dithmenos_smoke, serial_bayou_shore_a, grunt_megastairs_5
Depths:2: minmay_curly_fans, layout_gridlike, enter_ziggurat_f,
          infiniplex_enter_wizlab_water, hangedman_abyss_or_decor_lesser_grid,
          pan_entry, serial_shops, shop, nicolae_shop_statue_plus, shop, shop,
          shop, hell_entry, minmay_pinched_square
Depths:3: kennysheep_ambush_hall, layout_honeycomb,
          pf_vacation_house_of_asmodeus, abyss_entry, rand_demon_pan_entry_9,
          nemelex_lonely_heart_becter
Depths:4: grunt_x_marks_the_spot, layout_cave_shapes, abyss_entry,
          minmay_strange_pillars, hell_entry, pan_entry, minmay_shoptagon,
          serial_bayou_shore_b
Zot:1:    layout_twisted_circle, gammafunk_ghost_abyssal_escape,
          zot_minivault_5, uniq_tiamat, uniq_josephina
Zot:2:    layout_cathedral_of_symmetry
Zot:3:    layout_onion_interference, nicolae_diode_basic
Zot:4:    gammafunk_its_a_trap, layout_gridlike
Zot:5:    layout_gridlike

Skill      XL: |  1  2  3  4  5  6  7  8  9 10 11 12 13 14 15 16 17 18 19 20 21 22 23 24 25 26 27 |
---------------+----------------------------------------------------------------------------------+-----
Armour         | 3 4 5 6 7 8 9 10 11 13 14 15 16 17 18 | 18.4
Axes           | 2 |  2.8
Shields        | 3 4 5 6 8 9 11 12 13 15 16 17 18 19 20 22 23 | 23.7
Short Blades   | 1 2 3 5 6 7 8 9 10 11 14 | 14.0
Fighting       | 4 5 6 7 8 9 10 11 13 14 15 16 17 18 19 | 19.0
Dodging        | 1 2 3 4 5 6 7 8 9 10 11 12 13 14 15 | 15.3
Stealth        | 1 2 |  2.2
Invocations    | 3 6 7 9 11 12 13 15 16 18 19 20 21 22 23 24 25 | 25.5
Throwing       | 1 2 |  2.7
Evocations     | 4 6 8 9 11 12 13 14 15 16 17 18 | 18.8
Spellcasting   | 1 |  1.0
Poison Magic   | 1 |  1.2
Conjurations   | 1 |  1.0
Long Blades    | |  0.4
Maces & Flails | |  0.4
Polearms       | |  0.3
Staves         | |  0.5
Ranged Weapons | |  0.3
Unarmed Combat | |  0.5
Hexes          | |  0.8
Summonings     | |  0.3
Necromancy     | |  0.8
Translocations | |  0.6
Transmutations | |  0.3
Fire Magic     | |  0.7
Ice Magic      | |  0.5
Air Magic      | |  0.9
Earth Magic    | |  0.3

Action                     |  1- 3 |  4- 6 |  7- 9 | 10-12 | 13-15 | 16-18 | 19-21 | 22-24 | 25-27 || total
---------------------------+-------+-------+-------+-------+-------+-------+-------+-------+-------++-------
  Melee: War axe           |    26 |       |       |       |       |       |       |       |       ||    26
         Dagger            |    52 |   106 |   357 |   724 |  1565 |  1687 |  1919 |   504 |  1735 ||  8649
         Kick              |     8 |    15 |   112 |   265 |   702 |   794 |  1144 |  1128 |  1274 ||  5442
         Broad axe         |       |       |       |     4 |       |       |       |       |       ||     4
         Rapier            |       |       |       |       |       |    12 |   226 |  1336 |   156 ||  1730
         Peck              |       |       |       |       |       |       |       |       |    37 ||    37
  Throw: Javelin           |       |       |     1 |       |       |       |       |       |       ||     1
         Dart              |       |       |     2 |    12 |     4 |     4 |       |       |       ||    22
         Boomerang         |       |       |       |     7 |       |       |       |     1 |     8 ||    16
 Invoke: Upheaval          |       |       |       |     4 |     5 |     7 |     5 |     2 |     4 ||    27
         Elemental Force   |       |       |       |     1 |    10 |     9 |    12 |     9 |    15 ||    56
         Disaster Area     |       |       |       |       |       |     1 |     1 |     5 |     6 ||    13
  Evoke: Wand              |       |       |       |     1 |     1 |       |       |     1 |     1 ||     4
         Tin of tremorston |       |       |       |       |       |     5 |     1 |     6 |     5 ||    17
         Lightning rod     |       |       |       |       |       |       |     3 |       |     3 ||     6
    Use: Scroll            |       |     5 |     6 |     7 |    14 |     3 |     3 |     4 |    13 ||    55
         Potion            |       |       |     1 |     2 |     2 |     2 |     1 |     5 |    16 ||    29
   Stab: Paralysed         |       |       |       |       |     7 |    10 |    11 |     8 |    13 ||    49
         Distracted        |       |       |       |       |     2 |     1 |     2 |     2 |     5 ||    12
         Petrified         |       |       |       |       |       |     7 |       |       |       ||     7
         Confused          |       |       |       |       |       |       |       |     1 |       ||     1
 Armour: Scale mail        |    22 |       |       |       |       |       |       |       |       ||    22
         Chain mail        |    19 |    45 |    85 |   225 |   429 |   398 |   510 |   703 |   449 ||  2863
  Dodge: Dodged            |    22 |    24 |    80 |   142 |   331 |   378 |   428 |   594 |   546 ||  2545
         Repelled          |       |       |       |     4 |     9 |    29 |    22 |    34 |    44 ||   142
  Block: Buckler           |    19 |    44 |    67 |       |       |       |       |       |       ||   130
         Kite shield       |       |       |   120 |   614 |  1576 |  1814 |  2277 |  2268 |   220 ||  8889
         Tower shield      |       |       |       |       |       |       |       |       |  2135 ||  2135
         Reflection        |       |       |       |       |       |       |       |       |    30 ||    30

Table legend: (Time is in decaauts)
 A = Elapsed time spent in this place.
 B = Non-inter-level travel time spent in this place.
 C = Inter-level travel time spent in this place.
 D = Time resting spent in this place.
 E = Time spent auto-exploring this place.
 F = Levels seen in this place.
 G = Mean time per level.
                   A        B        C        D        E       F      G
               +--------+--------+--------+--------+--------+-----+--------+
         Total |  63794 |  52713 |  11081 |   1453 |  26897 |  58 | 1099.9 |
       Dungeon |  20610 |  14583 |   6027 |    160 |   8626 |  15 | 1374.0 |
        Temple |     20 |     20 |      0 |      0 |      0 |   1 |   20.0 |
          Lair |   6318 |   4771 |   1547 |     30 |   2553 |   5 | 1263.6 |
        Shoals |   4145 |   4040 |    105 |      0 |   2212 |   4 | 1036.2 |
     Snake Pit |   4269 |   4039 |    230 |      5 |   2088 |   4 | 1067.2 |
    Slime Pits |   1429 |   1188 |    241 |    102 |    119 |   5 |  285.8 |
  Orcish Mines |   1928 |   1649 |    279 |      3 |    628 |   2 |  964.0 |
   Elven Halls |   3890 |   3366 |    524 |     73 |   1860 |   3 | 1296.7 |
        Vaults |   7264 |   6214 |   1050 |    199 |   3624 |   5 | 1452.8 |
        Depths |   5000 |   4319 |    681 |    411 |   2027 |   4 | 1250.0 |
           Zot |   5715 |   5323 |    392 |    278 |   2340 |   5 | 1143.0 |
         Abyss |   1305 |   1305 |      0 |     22 |    530 |   1 | 1305.0 |
         Sewer |    275 |    275 |      0 |     43 |    110 |   1 |  275.0 |
        Bailey |    370 |    370 |      0 |      0 |      0 |   1 |  370.0 |
      Ice Cave |    553 |    553 |      0 |    107 |     28 |   1 |  553.0 |
        Wizlab |    697 |    697 |      0 |     20 |    151 |   1 |  697.0 |
               +--------+--------+--------+--------+--------+-----+--------+

Top non-repeatable levels by time:
     D:8: 2412 daAuts
    D:11: 2022 daAuts
  Lair:1: 1898 daAuts
    D:10: 1844 daAuts
Vaults:2: 1715 daAuts
    D:12: 1697 daAuts
    D:13: 1667 daAuts
   Elf:3: 1609 daAuts
Depths:3: 1564 daAuts
    D:15: 1560 daAuts
  Lair:4: 1445 daAuts
 Snake:1: 1428 daAuts
Vaults:4: 1422 daAuts
Vaults:5: 1411 daAuts
Vaults:1: 1404 daAuts
